 Dungeon Crawl Stone Soup version 0.31-a0-161-gb58dd9be76 (webtiles) character file.

Game seed: 11882220148980045475

263 BrainTurd the Conjurer (level 5, -4/39 HPs)
             Began as a Demigod Conjurer on June 12, 2023.
             Killed from afar by an orc wizard (11 damage)
             ... with a puff of flame
             ... on level 4 of the Dungeon on June 13, 2023.
             The game lasted 00:18:23 (3565 turns).

BrainTurd the Conjurer (Demigod Conjurer)           Turns: 3565, Time: 00:18:23

Health: -4/39      AC:  2    Str:  8    XL:     5   Next: 65%
Magic:  4/10       EV: 12    Int: 24    God:
Gold:   187        SH:  0    Dex: 18    Spells: 1/7 levels left

rFire   . . .        d - +3 mace
rCold   . . .        (no shield)
rNeg    . . .        a - +0 robe
rPois   .            (no helmet)
rElec   .            (no cloak)
rCorr   .            (no gloves)
SInv    .            (no boots)
Will    .....        q - amulet of reflection
Stlth   +            e - +6 ring of dexterity
HPRegen 0.26/turn    (no ring)
MPRegen 0.12/turn

%: reflection
@: confused, attractive
A: high MP 1, forlorn, divine attributes
a: no special abilities


You were on level 4 of the Dungeon.
You visited 1 branch of the dungeon, and saw 4 of its levels.

You collected 187 gold pieces.

Inventory:

Hand Weapons
 d - a +3 mace (weapon)
Armour
 a - a +0 robe (worn)
Jewellery
 e - a +6 ring of dexterity (left hand)
 n - an amulet of regeneration
 q - an amulet of reflection (around neck)
Scrolls
 c - 3 scrolls of brand weapon {unknown}
 f - a scroll of amnesia {unknown}
 g - 2 scrolls of poison {unknown}
 h - 2 scrolls of vulnerability {unknown}
 j - 3 scrolls of identify {unknown}
 k - 2 scrolls of fog {unknown}
 m - a scroll of silence {unknown}
 r - 3 scrolls of teleportation {unknown}
 s - 3 scrolls of fear {unknown}
 t - a scroll of summoning {unknown}
Potions
 b - a potion of magic
 i - 2 potions of brilliance {unknown}
 l - a potion of attraction
 o - a potion of invisibility {unknown}
 p - a potion of enlightenment {unknown}
 u - a potion of heal wounds {unknown}


   Skills:
 - Level 0.3 Fighting
 - Level 0.3 Maces & Flails
 - Level 1.7 Dodging
 - Level 1.7 Stealth
 - Level 1.7 Spellcasting
 + Level 6.5 Conjurations


You had one spell level left.
You knew the following spells:

 Your Spells              Type           Power      Damage    Failure   Level
a - Magic Dart            Conj           100%       1d8       1%          1
b - Dazzling Flash        Conj/Hex       34%        N/A       10%         3
c - Searing Ray           Conj           66%        2d6       1%          2

Your spell library contained the following spells:

 Spells                   Type           Power      Damage    Failure   Level
 Momentum Strike          Conj/Tloc      34%        3d8       4%          2
 Blink                    Tloc           4%         N/A       19%         2
 Lesser Beckoning         Tloc           4%         N/A       19%         2
 Flame Wave               Conj/Fire      17%        2d7       32%         4
 Fulminant Prism          Conj/Hex       8%         3d7       32%         4
 Iskenderun's Mystic Bla  Conj/Tloc      17%        2d5       32%         4
 Sticky Flame             Conj/Fire      17%        2d4       32%         4
 Frozen Ramparts          Ice            4%         1d1       36%         3
 Inner Flame              Hex/Fire       2%         N/A       36%         3
 Ice Form                 Ice/Tmut       2%         N/A       77%         4
 Summon Ice Beast         Ice/Summ       2%         N/A       77%         4


Dungeon Overview and Level Annotations

Branches:
Dungeon (4/15)
 Temple: D:4-7

Shops:
D:1 ?!=?


Innate Abilities, Weirdness & Mutations

You have an increased reservoir of magic. (+10% MP)
You shall have no god before yourself.
Your divine heritage dramatically boosts your attributes as you level up.


Message History

Aim: an orc priest, wielding a +0 war axe of electrocution (81% to hit)
The searing ray hits the orc priest!
The orc priest is severely wounded. (Press . to maintain the ray.)
The searing ray hits the orc priest!
You kill the orc priest!
Casting: Searing Ray (safe; 1% risk of failure)
Confirm with . or Enter, or press ? or * to list all spells.
You can't see any susceptible monsters within range! (Use Z to cast anyway.)
The searing ray hits something!
You finish channelling your searing ray.
Something tries to affect you, but you resist.
You hear some strange, mumbled words.
You are confused.
You're too confused to cast spells.
Things that are here:
a +0 war axe of electrocution; an orc corpse You barely miss something.
Something hits you.
You hear some strange, mumbled words.
A puff of flame appears from out of thin air!
The puff of flame hits you.
You hit something. Your punch misses something.
Something hits you but does no damage.
You closely miss something.
You hear some strange, mumbled words.
A magic dart appears from out of thin air!
The magic dart hits you!
You bump into the rock wall.
You hear some strange, mumbled words.
You are more confused.
A magic dart appears from out of thin air!
The magic dart hits you!
A magic dart appears from out of thin air!
The magic dart hits you!
* * * LOW HITPOINT WARNING * * *
It was a potion of attraction.
You feel attractive to monsters.
A puff of flame appears from out of thin air!
The puff of flame hits you!
You die...

..##.## .# ##....... .#
##........ ..##.......#.
# #.#.......... .
#.#.......... .####
#.#...$.).... ....#
#..<$@.......
....#########†.....?....
.........†..............
....##########{.........
....# #...........#
....# #.#.........#
....## #..#.........#
.....## #. #:)........
###...## .. #........#


There were no monsters in sight!

Vanquished Creatures
  A scorpion (D:4)
  An orc priest (D:4)
  Natasha (D:3)
  4 adders
  3 worms
  3 dart slugs
  8 orcs
  9 endoplasms
  3 giant cockroaches
  13 hobgoblins
  4 jackals
  5 quokkas
  3 ball pythons
  4 bats
  4 frilled lizards
  8 goblins
  5 kobolds
  8 rats
87 creatures vanquished.

Notes
Turn   | Place    | Note
-------+----------+-------------------------------------------
     0 | D:1      | BrainTurd the Demigod Conjurer began the quest for the Orb.
     0 | D:1      | Reached XP level 1. HP: 14/14 MP: 5/5
   182 | D:1      | Reached skill level 4 in Conjurations
   182 | D:1      | Reached XP level 2. HP: 22/22 MP: 5/7
   326 | D:1      | Found Gyckut's Magic Scroll Shop.
   478 | D:1      | Found Xeise's Distillery.
   517 | D:1      | Found Joechid's Magic Scroll Boutique.
   637 | D:1      | Found Gaugocsa's Jewellery Boutique.
   925 | D:2      | Reached XP level 3. HP: 25/27 MP: 8/8
   929 | D:2      | Learned a level 3 spell: Dazzling Flash
  1557 | D:2      | Reached skill level 5 in Conjurations
  2031 | D:3      | Reached XP level 4. HP: 34/34 MP: 6/9
  2034 | D:3      | Learned a level 2 spell: Searing Ray
  2963 | D:3      | Noticed Natasha
  2976 | D:3      | Killed Natasha
  3150 | D:3      | Reached XP level 5. HP: 39/39 MP: 5/10
  3460 | D:4      | Reached skill level 6 in Conjurations
  3565 | D:4      | Killed from afar by an orc wizard

Illustrated notes

Levels and vault maps discovered:
D:1:      minmay_arrival_checkered_box, layout_basic, serial_shops, shop, shop,
          shop, shop
D:2:      layout_rooms, basic_altar, shapermc_ecumenical_altar_gd,
          minmay_statues_item
D:3:      minmay_thinvault, layout_loops_ring, nicolae_wu_jian_glorious_leap,
          guppyfry_early_orc_mine, uniq_natasha
D:4:      layout_rooms

Skill      XL: |  1  2  3  4  5 |
---------------+----------------+-----
Conjurations   | 4 5 6 |  6.5
Fighting       | |  0.3
Maces & Flails | |  0.3
Dodging        | |  1.7
Stealth        | |  1.7
Spellcasting   | |  1.7

Action                     |  1- 3 |  4- 6 || total
---------------------------+-------+-------++-------
  Melee: Mace              |   106 |    27 ||   133
         Punch             |     3 |       ||     3
   Cast: Magic Dart        |    30 |    39 ||    69
         Dazzling Flash    |     3 |       ||     3
         Searing Ray       |       |     8 ||     8
    Use: Potion            |       |     1 ||     1
   Stab: Sleeping          |     7 |       ||     7
 Armour: Robe              |    25 |     4 ||    29
  Dodge: Dodged            |   101 |    15 ||   116
  Block: Other             |       |     6 ||     6
         Reflection        |       |     1 ||     1

Table legend: (Time is in decaauts)
 A = Elapsed time spent in this place.
 B = Non-inter-level travel time spent in this place.
 C = Inter-level travel time spent in this place.
 D = Time resting spent in this place.
 E = Time spent auto-exploring this place.
 F = Levels seen in this place.
 G = Mean time per level.
                   A        B        C        D        E       F      G
               +--------+--------+--------+--------+--------+-----+--------+
         Total |   3616 |   3465 |    151 |    229 |   2537 |   4 |  904.0 |
       Dungeon |   3616 |   3465 |    151 |    229 |   2537 |   4 |  904.0 |
               +--------+--------+--------+--------+--------+-----+--------+

Top non-repeatable levels by time:
     D:3: 1525 daAuts
     D:1: 935 daAuts
     D:2: 897 daAuts
     D:4: 257 daAuts
